 Dungeon Crawl Stone Soup version 0.25-a0-681-gdf4e720381 (webtiles) character file.

Game seed: 6144036139883274022, levelgen mode: deterministic

2 CryoSword the Vexing (level 1, 0/13 HPs)
             Began as a Vampire Enchanter on Mar 30, 2020.
             Slain by a kobold (3 damage)
             ... on level 1 of the Dungeon.
             The game lasted 00:00:20 (45 turns).

CryoSword the Vexing (Vampire Enchanter)              Turns: 45, Time: 00:00:21

Health: 0/13       AC:  2    Str:  7    XL:     1   Next: 25%
Magic:  1/3        EV: 12    Int: 17    God:
Gold:   0          SH:  0    Dex: 14    Spells: 3/4 levels left

rFire    . . .     SeeInvis +   a - +1 dagger
rCold    . . .     Gourm    .   (no shield)
rNeg     . . .     Faith    .   b - +0 robe
rPois    .         Spirit   .   (no helmet)
rElec    .         Reflect  .   (no cloak)
rCorr    .         Harm     .   (no gloves)
MR       .....                  (no boots)
Stlth    +++.......             (no amulet)
HPRegen  0.24/turn              (no ring)
MPRegen  0.08/turn              (no ring)

@: regenerating quickly
A: no food, fangs 3, see invisible, unbreathing
a: Exsanguinate


You were on level 1 of the Dungeon.
You were alive.

You visited 1 branch of the dungeon, and saw 1 of its levels.

Inventory:

Hand Weapons
 a - a +1 dagger (weapon)
Armour
 b - a +0 robe (worn)
Scrolls
 c - 2 scrolls of identify {unknown}


   Skills:
 + Level 1.1 Short Blades
 - Level 2.1 Dodging
 + Level 4.4 Stealth
 - Level 2.0 Spellcasting
 * Level 4.5 Hexes


You had 3 spell levels left.
You knew the following spells:

 Your Spells              Type           Power        Failure   Level  Hunger
a - Corona                Hex            ###....      3%          1    N/A

Your spell library contained the following spells:

 Spells                   Type           Power        Failure   Level  Hunger
 Confusing Touch          Hex            ###.....     9%          3    N/A
 Tukima's Dance           Hex            ###.....     9%          3    N/A
 Ensorcelled Hibernation  Hex/Ice        #.....       12%         2    N/A
 Dazzling Flash           Conj/Hex       #.....       22%         3    N/A

Dungeon Overview and Level Annotations

Branches:
Dungeon (1/15)

Altars:


Innate Abilities, Weirdness & Mutations

You do not eat.
Your natural rate of healing is unusually fast.
You have razor-sharp teeth.
You have supernaturally acute eyesight. (SInv)
You can survive without breathing.


Message History

Welcome, CryoSword the Vampire Enchanter.
It is said that the Orb of Zot exists deep within this dungeon.
Found 2 scrolls labeled KEAHALUUGE.
Found a staircase leading out of the dungeon.
c - a scroll labeled KEAHALUUGE
c - 2 scrolls labeled KEAHALUUGE (gained 1)
Found 21 arrows.
A bat comes into view.
The bat moves out of view.
A kobold comes into view.
A kobold is nearby!
A kobold is nearby!
Aim: a kobold (hasn't noticed you, chance to defeat MR: 71%)
The kobold shouts!
The kobold is outlined in light.
You hit the kobold but do no damage.
A rat comes into view.
You barely miss the kobold.
A bat comes into view.
The kobold hits you but does no damage.
The bat moves out of view.
You closely miss the kobold. The kobold closely misses you.
You hit the kobold. The kobold barely misses you.
A kobold comes into view.
The kobold shouts!
You hit the kobold.
You kill the kobold!
The kobold throws a stone.
The stone hits you but does no damage. The rat bites you.
You hit the rat. The rat bites you.
You hit the rat.
You kill the rat!
The bat closely misses you.
Aim: a bat (chance to defeat MR: 71%)
The bat barely resists.
The bat hits you but does no damage. The bat closely misses you.
The bat misses you.
You hit the bat. The bat hits you but does no damage.
You hit the bat but do no damage. Your bite misses the bat.
The bat completely misses you. The bat misses you.
Aim: a bat (moderately wounded, chance to defeat MR: 71%)
The bat is outlined in light.
The bat hits you.
You hit the bat.
You kill the bat!
The kobold misses you.
You hit the kobold but do no damage. The kobold hits you.
Aim: a kobold, wearing a +0 scale mail (chance to defeat MR: 71%)
The kobold is outlined in light.
The kobold closely misses you.
You barely miss the kobold. The kobold barely misses you.
You hit the kobold but do no damage. The kobold hits you.
You hit the kobold. You hit the kobold but do no damage. The kobold hits you.
* * * LOW HITPOINT WARNING * * *
You hit the kobold but do no damage. You bite the kobold, but do no damage.
The kobold stops glowing.
The kobold hits you.
* * * LOW HITPOINT WARNING * * *
You hit the kobold but do no damage. The kobold barely misses you.
You hit the kobold but do no damage. The kobold barely misses you.
You hit the kobold but do no damage. The kobold hits you.
* * * LOW HITPOINT WARNING * * *
You hit the kobold but do no damage. The kobold hits you.
You die...

###############
#..............
#..............
#..............
#..##.<^#####..
#..##...#
#.(.....#
#.......#
#.....K@#
#..###.†# #..#
#..# #..# #....
#.(# #.....
#.†..........
#........####
#........#
#..####..#


You could see a kobold.

Vanquished Creatures
  A bat (D:1)
  A kobold (D:1)
  A rat (D:1)
3 creatures vanquished.

Notes
Turn   | Place    | Note
-------+----------+-------------------------------------------
     0 | D:1      | CryoSword the Vampire Enchanter began the quest for the
                  | Orb.
     0 | D:1      | Reached XP level 1. HP: 13/13 MP: 3/3
    45 | D:1      | Slain by a kobold

Levels and vault maps discovered:
D:1:      dpeg_arrival_boxorama, layout_basic

Action                   || total
-------------------------++-------
Melee: Dagger            ||    20
       Bite              ||     1
 Cast: Corona            ||     4
Armor: Robe              ||     3
Dodge: Dodged            ||    12

Table legend:
 A = Non-vault XP
 B = Vault XP
 C = Vault XP percentage of total XP
 D = Non-vault monster count
 E = Vault monster count
 F = Vault count percentage of total count
                 A         B        C        D         E       F
            +---------+---------+-------+---------+---------+-------
      Total |       3 |       0 |   0.0 |       3 |       0 |   0.0
            +---------+---------+-------+---------+---------+-------
        D:1 |       3 |       0 |   0.0 |       3 |       0 |   0.0
            +---------+---------+-------+---------+---------+-------
